 Dungeon Crawl Stone Soup version 0.21.1-1-g345015f (webtiles) character file.

3429 sking99 the Cleaver (level 9, -6/82 HPs)
             Began as a Deep Dwarf Fighter on July 1, 2018.
             Was a Believer of Makhleb.
             Mangled by a two-headed ogre
             ... wielding a +0 giant club
              (12 damage)
             ... on level 8 of the Dungeon.
             The game lasted 00:20:46 (6968 turns).

sking99 the Cleaver (Deep Dwarf Fighter)            Turns: 6968, Time: 00:20:47

Health: -6/82      AC: 16    Str: 21    XL:     9   Next: 76%
Magic:  6/6        EV: 13    Int:  8    God:    Makhleb [**....]
Gold:   331        SH:  0    Dex: 15    Spells: 8/8 levels left

rFire    . . .     SeeInvis .   x - +0 battleaxe
rCold    + . .     Gourm    .   (shield currently unavailable)
rNeg     . . .     Faith    .   b - +7 Kryia's mail coat {PotionHeal*2 rC+}
rPois    .         Spirit   .   u - +1 hat
rElec    .         Reflect  .   k - +0 cloak
rCorr    .         Harm     .   (no gloves)
MR       +....                  (no boots)
Stlth    ..........             (no amulet)
HPRegen  0.00/turn              (no ring)
MPRegen  0.10/turn              (no ring)

@: non-regenerating
A: damage resistance, heal wounds, sense surroundings 2, no regeneration
a: Heal Wounds, Minor Destruction, Renounce Religion


You were on level 8 of the Dungeon.
You worshipped Makhleb.
Makhleb was pleased with you.
You were not hungry.

You visited 2 branches of the dungeon, and saw 9 of its levels.
You also visited: Sewer.

You collected 331 gold pieces.

Inventory:

Hand Weapons
 a - a +0 war axe
 x - a +0 battleaxe (weapon)
Missiles
 c - 3 throwing nets (quivered)
Armour
 b - the +7 Kryia's mail coat (worn) {PotionHeal*2 rC+}
   (You found it on level 6 of the Dungeon)

   It protects you from cold.
 k - a +0 cloak (worn)
 u - a +1 hat (worn)
Jewellery
 l - an uncursed amulet of guardian spirit {unknown}
Scrolls
 e - 3 scrolls of identify
 m - a scroll of amnesia
 n - 2 scrolls of teleportation
 o - a scroll of silence {unknown}
 v - a scroll of torment {unknown}
 y - a scroll of immolation {unknown}
 z - a scroll of remove curse
Potions
 d - 4 potions of might
 g - 4 potions of curing
 h - a potion of brilliance {unknown}
 i - 2 potions of berserk rage
 j - 3 potions of lignification
 p - 2 potions of heal wounds
 q - a potion of haste
 r - a potion of mutation {unknown}
 s - 2 potions of invisibility {unknown}
 w - a potion of resistance {unknown}
Books
 t - a book of Conjurations

   Spells                             Type                      Level
   a - Magic Dart                     Conjuration                  1
   b - Searing Ray                    Conjuration                  2
   c - Dazzling Spray                 Conjuration/Hexes            3
   d - Fulminant Prism                Conjuration/Hexes            4
   e - Force Lance                    Conjuration/Translocation    4
   f - Iskenderun's Mystic Blast      Conjuration                  4
Comestibles
 f - 15 rations
 A - 2 chunks of flesh


   Skills:
 - Level 6.2 Fighting
 * Level 12.3 Axes
 - Level 3.2 Armour
 + Level 5.5 Dodging
   Level 3.2 Shields


You had 8 spell levels left.
You didn't know any spells.

Dungeon Overview and Level Annotations

Branches:
Dungeon (8/15)             Temple (1/1) D:6
   Lair: D:8-11

Altars:
Ashenzari
Dithmenos
Elyvilon
Fedhas
Gozag
Kikubaaqudgha
Makhleb
Nemelex Xobeh
Okawaru
Qazlal
Ru
Sif Muna
Trog
Uskayaw
Vehumet
Wu Jian
Xom
Yredelemnul
The Shining One
Lugonu

Shops:
D:5 :


Innate Abilities, Weirdness & Mutations

You are resistant to damage.
You can heal yourself by infusing magical energy.
You passively map the area around you.
You do not regenerate.


Message History

The acid corrodes the two-headed ogre!
You slash the two-headed ogre!
The two-headed ogre is heavily wounded.
The two-headed ogre hits you with a giant club!!
The two-headed ogre misses you.
You hit the two-headed ogre.
The two-headed ogre is heavily wounded.
You hit the two-headed ogre.
The two-headed ogre is heavily wounded.
The two-headed ogre hits you but does no damage. x2
You slash the two-headed ogre!
The two-headed ogre is almost dead.
The two-headed ogre hits you with a giant club!
The two-headed ogre misses you.
You barely miss the two-headed ogre.
The two-headed ogre is severely wounded.
The two-headed ogre hits you with a giant club!!
* * * LOW HITPOINT WARNING * * *
The two-headed ogre hits you with a giant spiked club!
You die...

### ###############.#
#...............#
#.#############.# #.#
#.# #.# #.# #.# #.# #.#
#@#
##.########....O.......#
#........##.####.....?.#
#.<......# .# #########
#).......##.#########.#
#........##.#.........#
#........##.#.#######.#
#........##.#.##....#.#
#........##.#.#.....#.#


You could see a two-headed ogre.

Vanquished Creatures
  The ghost of spiff the Caller, a novice TeSu of Ashenzari (D:8)
  Grinder (D:6)
  The ghost of infcreate the Grave Robber, an amateur DENe (D:4)
  A water moccasin (D:7)
  3 orc warriors
  2 ice beasts (D:6)
  3 ogres
  2 phantoms
  A crocodile (Sewer)
  A big kobold (D:7)
  A bullfrog (D:6)
  A scorpion (D:7)
  5 wights (D:7)
  3 crimson imps (D:5)
  A bullfrog skeleton (D:4)
  2 hounds
  A gnoll shaman (D:6)
  2 orc priests
  2 iguanas
  7 orc wizards
  8 worker ants
  A hound skeleton (D:7)
  3 worker ant zombies
  A howler monkey skeleton (D:5)
  11 gnolls
  5 adders
  A shadow imp (D:7)
  2 oozes (D:5)
  An adder skeleton (D:3)
  4 worms
  3 dart slugs
  15 leopard geckos
  43 orcs
  3 bats (D:1)
  7 giant cockroaches
  8 goblins
  4 hobgoblins
  13 jackals
  13 kobolds
  4 quokkas
  5 ball pythons
  6 frilled lizards
  A giant cockroach zombie (D:6)
  2 jackal skeletons (D:4)
  3 rats
208 creatures vanquished.

Notes
Turn   | Place    | Note
-------+----------+-------------------------------------------
     0 | D:1      | sking99 the Deep Dwarf Fighter began the quest for the Orb.
     0 | D:1      | Reached XP level 1. HP: 20/20 MP: 1/1
   322 | D:1      | Reached XP level 2. HP: 24/27 MP: 2/2
   456 | D:1      | Reached skill level 3 in Axes
   910 | D:2      | Reached XP level 3. HP: 7/34 MP: 3/3
  1167 | D:2      | Found a white marble altar of Elyvilon.
  1169 | D:2      | Found a stormy altar of Qazlal.
  1174 | D:2      | Found an ancient bone altar of Kikubaaqudgha.
  1174 | D:2      | Found a hide-covered altar of Uskayaw.
  1175 | D:2      | Found a sparkling altar of Nemelex Xobeh.
  1176 | D:2      | Found a deep blue altar of Sif Muna.
  1178 | D:2      | Found a bloodstained altar of Trog.
  1223 | D:2      | Reached skill level 4 in Axes
  1770 | D:3      | Reached XP level 4. HP: 37/42 MP: 4/4
  2469 | D:3      | Found a radiant altar of Vehumet.
  2571 | D:3      | You fall through a shaft!
  3163 | D:4      | Reached skill level 5 in Axes
  3163 | D:4      | Reached XP level 5. HP: 24/50 MP: 5/5
  3280 | D:4      | Noticed infcreate's ghost (amateur DENe)
  3297 | D:4      | Reached XP level 6. HP: 52/57 MP: 6/6
  3322 | D:4      | Killed infcreate's ghost
  3322 | D:4      | Reached skill level 6 in Axes
  3457 | D:4      | Found a shimmering altar of Xom.
  3470 | D:4      | Reached skill level 7 in Axes
  3470 | D:4      | Reached XP level 7. HP: 50/66 MP: 7/7
  3875 | D:5      | Entered Level 5 of the Dungeon
  3876 | D:5      | Found a shattered altar of Ashenzari.
  4071 | D:5      | Reached skill level 5 in Fighting
  4155 | D:5      | Reached skill level 8 in Axes
  4305 | D:5      | Found Ruetziwn's Book Shoppe.
  4379 | D:5      | Found a glowing drain.
  4404 | Sewer    | Entered a sewer
  4664 | D:5      | Reached XP level 8. HP: 21/75 MP: 7/7
  4880 | D:6      | Found a staircase to the Ecumenical Temple.
  4922 | D:6      | Reached skill level 9 in Axes
  4927 | Temple   | Entered the Ecumenical Temple
  4971 | Temple   | Became a worshipper of Makhleb the Destroyer
  5003 | D:6      | Found the +7 Kryia's mail coat {PotionHeal*2 rC+}
  5175 | D:6      | Reached skill level 10 in Axes
  5175 | D:6      | Reached skill level 1 in Dodging
  5189 | D:6      | Reached * piety under Makhleb
  5365 | D:6      | Noticed Grinder
  5389 | D:6      | Killed Grinder
  5664 | D:6      | Gained mutation: You passively map the area around you. [Deep Dwarf growth]
  5664 | D:6      | Reached XP level 9. HP: 54/82 MP: 6/6
  5861 | D:7      | Reached skill level 11 in Axes
  6244 | D:7      | Reached ** piety under Makhleb
  6516 | D:8      | Found a sacrificial altar of Ru.
  6698 | D:8      | Noticed spiff's ghost (novice TeSu)
  6829 | D:8      | Killed spiff's ghost
  6829 | D:8      | Reached skill level 12 in Axes
  6829 | D:8      | Reached skill level 5 in Dodging
  6962 | D:8      | Noticed a two-headed ogre
  6968 | D:8      | Mangled by a two-headed ogre

Skill      XL: |  1  2  3  4  5  6  7  8  9 |
---------------+----------------------------+-----
Axes           | 3 4 5 7 8 10 12 | 12.3
Fighting       | 3 4 5 6 |  6.2
Dodging        | 3 5 |  5.5
Armour         | |  3.2
Shields        | |  3.2

Action                   |  1- 3 |  4- 6 |  7- 9 || total
-------------------------+-------+-------+-------++-------
Melee: War axe           |   129 |   211 |   321 ||   661
       Battleaxe         |       |       |   164 ||   164
Invok: Minor Destruction |       |       |     1 ||     1
 Abil: Heal Wounds       |     1 |     2 |    12 ||    15
  Use: Scroll            |       |       |     8 ||     8
  Eat: Chunk             |     2 |     7 |    12 ||    21
Armor: Scale mail        |    61 |    87 |   174 ||   322
       Chain mail        |       |       |    20 ||    20
       Plate armour      |       |       |    19 ||    19
Dodge: Dodged            |    47 |    47 |   144 ||   238
Block: Shield            |    69 |    83 |   169 ||   321
